 Dungeon Crawl Stone Soup version 0.27.1-33-g824d729ab1 (webtiles) character file.

Game seed: 16527817880588496258

86 rvierbuc the Chopper (level 4, 0/41 HPs)
             Began as a Minotaur Berserker on Dec 6, 2021.
             Was a Follower of Trog.
             Splashed by a jelly's acid (8 damage)
             ... on level 3 of the Dungeon.
             The game lasted 00:03:38 (2417 turns).

rvierbuc the Chopper (Minotaur Berserker)           Turns: 2417, Time: 00:03:40

Health: 0/41       AC: -5    Str: 23    XL:     4   Next: 26%
Magic:  3/3        EV: 12    Int:  4    God:    Trog [*.....]
Gold:   58         SH:  0    Dex:  9    Spells: 3/3 levels left

rFire    . . .     SeeInvis .   a - +0 hand axe
rCold    . . .     Faith    .   (no shield)
rNeg     . . .     Spirit   .   b - +0 animal skin
rPois    .         Reflect  .   (helmet restricted)
rElec    .         Harm     .   (no cloak)
rCorr    .         Rampage  .   (no gloves)
Will     .....                  (no boots)
Stlth    +.........             (no amulet)
HPRegen  0.13/turn              (no ring)
MPRegen  0.08/turn              (no ring)

@: corroded
A: horns 2, retaliatory headbutt
a: Renounce Religion, Berserk


You were on level 3 of the Dungeon.
You worshipped Trog.
Trog was aware of your devotion.
You visited 1 branch of the dungeon, and saw 3 of its levels.

You collected 58 gold pieces.

Inventory:

Hand Weapons
 a - a +0 hand axe (weapon)
Missiles
 e - a throwing net (quivered)
Armour
 b - a +0 animal skin (worn)
Scrolls
 c - 2 scrolls of amnesia {unknown}
 d - 2 scrolls of immolation {unknown}
 g - a scroll of magic mapping {unknown}
 h - 2 scrolls of teleportation {unknown}
 k - 2 scrolls of identify {unknown}
Potions
 i - a potion of haste {unknown}
 j - a potion of mutation {unknown}


   Skills:
 + Level 4.7 Fighting
 + Level 5.0 Axes
 + Level 2.8 Armour
 + Level 2.4 Dodging


You had 3 spell levels left.
You didn't know any spells.
Your spell library was empty.

Dungeon Overview and Level Annotations

Branches:
Dungeon (3/15)

Altars:
Gozag


Innate Abilities, Weirdness & Mutations

You have a pair of horns on your head.
You reflexively headbutt those who attack you in melee.


Message History

A kobold comes into view. It is wielding a +0 dagger.
No target in view!
The kobold shouts!
The kobold throws a stone.
The stone barely misses you.
Found a stone staircase leading down.
The kobold hits you but does no damage.
You hit the kobold.
The kobold is moderately wounded.
The kobold barely misses you.
You slash the kobold!
You kill the kobold!
Trog accepts your kill.
No target in view!
Things that are here:
a +0 dagger; 5 stones
There is a stone staircase leading down here.
A jelly comes into view.
A jelly is nearby!
The jelly quivers.
No target in view!
No target in view!
A worm comes into view.
The jelly hits you.
You are splashed with acid!
You hit the jelly.
Your hands burn!
The jelly is lightly wounded.
The jelly completely misses you. You furiously retaliate!
You headbutt the jelly. You hit the jelly.
Your hands burn!
The jelly is moderately wounded.
You hit the worm but do no damage. The jelly hits you. The acid corrodes you!
You are splashed with acid!
You are too injured to fight recklessly!
You are too injured to fight recklessly!
You hit the jelly. The acid corrodes you!
Your hands burn!
* * * LOW HITPOINT WARNING * * *
The jelly is severely wounded.
You hit the worm. The jelly hits you.
* * * LOW HITPOINT WARNING * * *
You are splashed with acid!
You die...

..)............>#
.......#....###.#
.......#....# #.#
.......###.## #.#
.####### #.# #.#
... ##.####.#
.### #.......####
##.####....#
#w@#.#
........J.....#
#..........##.#
#.####.##.## #
#.# .# #.# .# #.#
# ..


You could see a worm and a jelly.

Vanquished Creatures
  Natasha (D:3)
  2 adders
  A worm (D:2)
  A dart slug (D:3)
  3 endoplasms
  A giant cockroach (D:1)
  4 hobgoblins
  4 jackals (D:1)
  A quokka (D:1)
  3 ball pythons
  A bat (D:1)
  2 frilled lizards
  5 goblins
  6 kobolds
  2 rats
37 creatures vanquished.

Notes
Turn   | Place    | Note
-------+----------+-------------------------------------------
     0 | D:1      | rvierbuc the Minotaur Berserker began the quest for the
                  | Orb.
     0 | D:1      | Reached XP level 1. HP: 19/19 MP: 0/0
   143 | D:1      | Reached XP level 2. HP: 27/27 MP: 1/1
   152 | D:1      | Reached skill level 4 in Axes
   947 | D:1      | Found a faded altar of an unknown god.
  1102 | D:2      | Reached XP level 3. HP: 25/34 MP: 2/2
  1188 | D:2      | Found an opulent altar of Gozag.
  2161 | D:3      | Noticed Natasha
  2166 | D:3      | Killed Natasha
  2167 | D:3      | Reached XP level 4. HP: 41/41 MP: 3/3
  2186 | D:3      | Reached skill level 5 in Axes
  2417 | D:3      | Splashed by a jelly's acid

Illustrated notes

Levels and vault maps discovered:
D:1:      minmay_arrival_four_circles, layout_loops_corners,
          shapermc_ecumenical_altar_hornbeckon
D:2:      layout_loops_corners, basic_altar
D:3:      layout_basic, uniq_natasha

Skill      XL: |  1  2  3  4 |
---------------+-------------+-----
Axes           | 4 5 |  5.0
Fighting       | 4 |  4.7
Armour         | |  2.8
Dodging        | |  2.4

Action                   |  1- 3 |  4- 6 || total
-------------------------+-------+-------++-------
Melee: Hand axe          |    51 |     5 ||    56
       Headbutt          |    11 |       ||    11
  Use: Potion            |       |     1 ||     1
Armor: Animal skin       |     8 |     5 ||    13
Dodge: Dodged            |    34 |    16 ||    50
